 Dungeon Crawl Stone Soup version 0.20.0-8-g6b59dc7 (webtiles) character file.

270 Chiseanne the Magician (level 6, 40/41 HPs)
             Began as a Demonspawn Wizard on June 1, 2017.
             Quit the game on level 4 of the Dungeon.
             The game lasted 00:07:40 (3857 turns).

Chiseanne the Magician (Demonspawn Wizard)          Turns: 3857, Time: 00:07:40

Health: 40/41      AC:  3    Str:  7    XL:     6   Next: 1%
Magic:  3/13       EV: 14    Int: 21    God:
Gold:   42         SH:  0    Dex: 12    Spells: 5/14 levels left

rFire    . . .     SeeInvis .   a - +3 whip (venom)
rCold    . . .     Gourm    .   (no shield)
rNeg     + . .     Faith    .   y - +1 robe {MR+}
rPois    .         Spirit   .   b - +0 hat
rElec    .         Reflect  .   (no cloak)
rCorr    .         Harm     .   (no gloves)
MR       +....                  (no boots)
Stlth    ++........             m - amulet of regeneration
Regen    0.6/turn               q - ring of positive energy
MPRegen  0.2/turn               (no ring)

@: no status effects
A: horns 1, repulsion field 1, powered by pain 1
a: no special abilities


You were on level 4 of the Dungeon.
You were not hungry.

You visited 1 branch of the dungeon, and saw 4 of its levels.

You collected 141 gold pieces.
You spent 99 gold pieces at shops.

Inventory:

Hand Weapons
 a - a +3 whip of venom (weapon)
 r - a +0 blowgun
 s - a +4 mace of protection
Missiles
 c - 18 poisoned needles
 e - 96 stones (quivered)
 f - 35 sling bullets
 g - 16 bolts
 t - 7 needles of sleeping
 v - 37 arrows
Armour
 b - a +0 hat (worn)
 y - a +1 robe of magic resistance (worn)
Jewellery
 m - an amulet of regeneration (around neck)
 q - a ring of positive energy (left hand)
Wands
 l - a wand of flame (20/48)
 x - a wand of digging (18/24)
Scrolls
 i - 8 scrolls of remove curse
 w - a scroll of teleportation {unknown}
 A - a scroll of immolation {unknown}
Potions
 h - a potion of agility {unknown}
 j - 2 potions of curing {unknown}
 k - a potion of brilliance {unknown}
 o - a potion of berserk rage {unknown}
 u - a potion of invisibility {unknown}
 z - a potion of lignification {unknown}
Comestibles
 d - a bread ration
 n - 2 chunks of flesh
 p - a meat ration


   Skills:
 - Level 1.7 Dodging
 - Level 1.7 Stealth
 * Level 4.9 Spellcasting
 * Level 4.2 Conjurations
   Level 1.0 Summonings
 - Level 0.8 Translocations


You had 5 spell levels left.
You knew the following spells:

 Your Spells              Type           Power        Failure   Level  Hunger
a - Magic Dart            Conj           ###.         1%          1    None
b - Blink                 Tloc           N/A          12%         2    None
c - Conjure Flame         Conj/Fire      ##......     14%         3    ##.....
d - Mephitic Cloud        Conj/Pois/Air  ##......     19%         3    ##.....


Dungeon Overview and Level Annotations

Branches:
Dungeon (4/15)
 Temple: D:4-7

Altars:
Ashenzari
Dithmenos
Ru

Shops:
D:4 [

Annotations:
D:3 endorz's ghost, amateur MfSk


Innate Abilities, Weirdness & Mutations

You have a pair of small horns on your head.
You are surrounded by a mild repulsion field. (EV +2)
You sometimes gain a little power by taking damage.


Message History

The magic dart hits the orc.
The orc is heavily wounded.
The orc priest moves out of view.
Casting: Magic Dart
Confirm with . or Enter, or press ? or * to list all spells.
Aiming: Mephitic Cloud
Press: ? - help, Shift-Dir - straight line, f/p - orc
Aim: an orc, wielding a flail (heavily wounded)
The ball explodes into a vile cloud!
The stinking cloud engulfs the orc.
The orc is heavily wounded.
The gnoll shouts!
The gnoll hits the gnoll with an enchanted halberd!
The gnoll is killed!
You have reached level 6!
Your experience leads to an increase in your attributes!
Increase (S)trength, (I)ntelligence, or (D)exterity?
You feel clever.
Your demonic ancestry asserts itself...
A pair of horns grows on your head!
The orc is engulfed in noxious fumes.
The orc appears confused.
Are you sure you want to abandon this character and quit the game? (Confirm with "yes".)

#....##.................###
#..........................
#...>......................
#....##......###........###
#....##......# #........#
#....##......# ##########
#....##......#
###..........# #.......@###
#.....§o§# #.....s§§#
#.....§.§# ######g###


gg. .o).# .....# ......# You could see an orc priest, 3 gnolls, an orc
(confused) and a giant cockroach.

Vanquished Creatures
  An ogre (D:4)
  A hound (D:4)
  A worker ant (D:4)
  An orc wizard (D:4)
  A gnoll (D:4)
  2 adders (D:3)
  An ooze (D:4)
  2 worms (D:2)
  A dart slug (D:3)
  5 leopard geckos
  4 orcs
  2 ball pythons
  6 giant cockroaches
  8 goblins
  10 hobgoblins
  6 bats
  3 frilled lizards
  9 kobolds
  9 rats
73 creatures vanquished.

Notes
Turn   | Place    | Note
-------+----------+-------------------------------------------
     0 | D:1      | Chiseanne the Demonspawn Wizard began the quest for the Orb.
     0 | D:1      | Reached XP level 1. HP: 13/13 MP: 4/4
   153 | D:1      | Gained mutation: You sometimes gain a little power by taking damage. [demonic ancestry]
   153 | D:1      | Reached XP level 2. HP: 13/19 MP: 0/6
  1254 | D:2      | Gained mutation: You are surrounded by a mild repulsion field. (EV +2) [demonic ancestry]
  1254 | D:2      | Reached XP level 3. HP: 13/24 MP: 0/8
  2338 | D:3      | Learned a level 2 spell: Blink
  2342 | D:3      | Learned a level 3 spell: Conjure Flame
  2346 | D:3      | Learned a level 3 spell: Mephitic Cloud
  2544 | D:3      | Reached XP level 4. HP: 30/30 MP: 4/9
  2981 | D:3      | Noticed endorz's ghost (amateur MfSk)
  3305 | D:4      | Found a shadowy altar of Dithmenos.
  3307 | D:4      | Found a shattered altar of Ashenzari.
  3313 | D:4      | Found a sacrificial altar of Ru.
  3435 | D:4      | Reached XP level 5. HP: 29/35 MP: 9/11
  3636 | D:4      | Found Teus's Antique Armour Shop.
  3681 | D:4      | Bought a glowing robe for 99 gold pieces
  3703 | D:4      | Noticed an ogre
  3725 | D:4      | Killed an ogre
  3856 | D:4      | Gained mutation: You have a pair of small horns on your head. [demonic ancestry]
  3856 | D:4      | Reached XP level 6. HP: 40/41 MP: 3/13
  3857 | D:4      | Quit the game

Skill      XL: |  1  2  3  4  5 |
---------------+----------------+-----
Conjurations   | 2 3 4 |  4.2
Spellcasting   | 4 |  4.9
Dodging        | |  1.7
Stealth        | |  1.7
Summonings     | |  1.0
Translocations | |  0.8

Action                   |  1- 3 |  4- 6 || total
-------------------------+-------+-------++-------
Melee: Whip              |    18 |    23 ||    41
       Dagger            |     1 |       ||     1
 Cast: Magic Dart        |   113 |    58 ||   171
       Mephitic Cloud    |       |     4 ||     4
       Blink             |       |     1 ||     1
  Use: Scroll            |     3 |     1 ||     4
 Stab: Confused          |       |     2 ||     2
  Eat: Chunk             |     5 |     1 ||     6
       Bread ration      |       |     1 ||     1
Armor: Robe              |     7 |     3 ||    10
Dodge: Dodged            |    23 |    25 ||    48
